 Dungeon Crawl Stone Soup version 0.19.1-1-g22dce08 (webtiles) character file.

88 Queen the Chopper (level 4, -7/35 HPs)
             Began as a Formicid Fighter on Jan 13, 2017.
             Killed by divine providence
             ... invoked by an orc priest
              (14 damage)
             ... on level 3 of the Dungeon.
             The game lasted 00:09:58 (2132 turns).

Queen the Chopper (Formicid Fighter)                Turns: 2132, Time: 00:09:59

Health: -7/35      AC: 12    Str: 25    XL:     4   Next: 82%
Magic:  4/4        EV:  6    Int:  8    God:
Gold:   230        SH: 10    Dex: 11    Spells: 0 memorised, 3 levels left

rFire  . . .     SeeInvis +     a - +0 war axe
rCold  . . .     Gourm    .     o - +0 chain mail
rNeg   . . .     Faith    .     c - +0 shield
rPois  .         Spirit   .     (helmet unavailable)
rElec  .         Reflect  .     (no cloak)
rCorr  .         Harm     .     (no gloves)
MR     .....                    p - +2 pair of boots
Stlth  ..........               (no amulet)
                                (no ring)
                                (no ring)

@: mighty
A: permanent stasis, dig shafts and tunnels, four strong arms, antennae 3
a: Dig, Shaft Self


You were on level 3 of the Dungeon.
You were not hungry.

You visited 1 branch of the dungeon, and saw 3 of its levels.

You collected 230 gold pieces.

Inventory:

Hand Weapons
 a - a +0 war axe (weapon)
Armour
 c - a +0 shield (worn)
 o - a +0 chain mail (worn)
 p - a +2 pair of boots (worn)
Scrolls
 b - a scroll of fog {unknown}
 e - 2 scrolls of recharging {unknown}
 g - a scroll of teleportation {unknown}
 k - a scroll of magic mapping {unknown}
 m - 4 scrolls of identify {unknown}
 s - 2 scrolls of remove curse {unknown}
 t - a scroll of immolation {unknown}
Potions
 d - a potion of might
 i - a potion of mutation {unknown}
 j - a potion of cure mutation {unknown}
 q - a potion of magic {unknown}
 r - a potion of agility {unknown}
 u - a potion of resistance {unknown}
Comestibles
 f - 3 bread rations
 h - a slice of pizza
 l - 3 meat rations
 n - 4 chunks of flesh


   Skills:
 - Level 3.2 Fighting
 + Level 4.6 Axes
 - Level 3.2 Armour
 - Level 3.6 Shields


You had 3 spell levels left.
You didn't know any spells.

Dungeon Overview and Level Annotations

Branches:
Dungeon (3/15)

Altars:
Qazlal
Xom
Yredelemnul
Zin


Innate Abilities, Weirdness & Mutations

You are under a permanent stasis effect.
You can dig through walls and to a lower floor.
Your four strong arms can wield two-handed weapons with a shield.
You have a pair of large antennae on your head. (SInv)


Message History

The orc warrior hits you with a mace!
The orc priest looks satisfied for a moment.
You hit the orc warrior.
The orc warrior is lightly wounded.
You block the orc warrior's attack. x2
You feel very mighty all of a sudden.
You closely miss the orc warrior.
The orc warrior is lightly wounded.
The orc warrior hits you with a mace.
The rat twitches its whiskers.
You barely miss the orc warrior.
The orc warrior is lightly wounded.
The orc warrior hits you with a mace.
* * * LOW HITPOINT WARNING * * *
You block the orc warrior's attack.
You hit the orc warrior.
The orc warrior is moderately wounded.
The orc priest calls down the wrath of Beogh upon you.
Beogh smites you!
You die...

...............#......#
......................#
....................<.#
......................#
.................######
.[............o.o#
#....[.........oo#
#............{#o#
###......)....##@#
..###.....######w#
#.##...#.## #.#
#....#.#.####.....
#...##............
.....#...####......
.........# #....
.###.....# ..#### ##
####....#


You could see an orc warrior, a worm, an orc priest, an orc wizard (invisible)
and 2 orcs.

Vanquished Creatures
  3 adders
  An ooze (D:2)
  A worm (D:2)
  2 dart slugs (D:2)
  A leopard gecko (D:3)
  An orc (D:3)
  A giant cockroach (D:3)
  6 hobgoblins
  4 jackals (D:2)
  2 quokkas (D:2)
  5 bats
  5 frilled lizards
  5 goblins
  6 kobolds
  7 rats
  A plant (D:1)
51 creatures vanquished.

Notes
Turn   | Place    | Note
-------+----------+-------------------------------------------
     0 | D:1      | Queen the Formicid Fighter began the quest for the Orb.
     0 | D:1      | Reached XP level 1. HP: 18/18 MP: 1/1
   411 | D:1      | Found a shimmering altar of Xom.
   413 | D:1      | Found a basalt altar of Yredelemnul.
   413 | D:1      | Found a sacrificial altar of Ru.
   415 | D:1      | Found a stormy altar of Qazlal.
   415 | D:1      | Found a glowing silver altar of Zin.
   415 | D:1      | Found a shimmering altar of Xom.
   548 | D:1      | Reached XP level 2. HP: 22/24 MP: 2/2
   905 | D:2      | Reached skill level 3 in Axes
  1044 | D:2      | Reached XP level 3. HP: 23/29 MP: 3/3
  1374 | D:2      | Reached skill level 4 in Axes
  1374 | D:2      | Reached XP level 4. HP: 32/35 MP: 4/4
  2117 | D:3      | Noticed an orc warrior
  2132 | D:3      | Killed from afar by an orc priest

Skill      XL: |  1  2  3 |
---------------+----------+-----
Axes           | 3 4 |  4.6
Fighting       | |  3.2
Armour         | |  3.2
Shields        | |  3.6

Action                   |  1- 3 |  4- 6 || total
-------------------------+-------+-------++-------
Melee: War axe           |   144 |    83 ||   227
  Use: Potion            |       |     1 ||     1
  Eat: Chunk             |     2 |     2 ||     4
Armor: Scale mail        |    25 |       ||    25
       Chain mail        |    51 |    34 ||    85
Dodge: Dodged            |    30 |    15 ||    45
Block: Shield            |    81 |    36 ||   117
